[ PARTIDA AOE2 · #484386631 ]
Team RMGeorgianos vs Italians
[ ANÁLISIS DE REPETICIÓN · EXTRAÍDO DE LA PARTIDA GRABADA ]
Feudal
—
Castillos
—
Imperial
—
| APM promedio | 26.8 |
| APM pico | 57 |
| eAPM promedio | 18.2 |
| Aldeanos / militares | 135 / 93 |
Foco
⚔️ 28.5% · 🌾 71.5%
Cavalry Archer ×39 · Scout Cavalry ×22 · Knight ×22 · Fishing Ship ×6 · Battering Ram ×6 · Mangonel ×4
Feudal
10:13
Castillos
15:17
Imperial
34:35
| APM promedio | 19.3 |
| APM pico | 51 |
| eAPM promedio | 13.5 |
| Aldeanos / militares | 113 / 82 |
Foco
⚔️ 18.3% · 🌾 81.7%
Skirmisher ×41 · Scout Cavalry ×18 · Spearman ×16 · Fishing Ship ×8 · Genoese Crossbowman ×5 · Trebuchet (Packed) ×2
Feudal
—
Castillos
—
Imperial
—
| APM promedio | 13.0 |
| APM pico | 33 |
| eAPM promedio | 11.1 |
| Aldeanos / militares | 97 / 6 |
Foco
⚔️ 31.7% · 🌾 68.3%
Unknown (2579) ×56 · Trebuchet (Packed) ×6
Feudal
10:26
Castillos
15:31
Imperial
28:34
| APM promedio | 22.1 |
| APM pico | 59 |
| eAPM promedio | 15.9 |
| Aldeanos / militares | 106 / 180 |
Foco
⚔️ 25.9% · 🌾 74.1%
Huskarl ×147 · Spearman ×20 · Fishing Ship ×19 · Battering Ram ×9 · Trebuchet (Packed) ×4
Mapa de la partida
Recursos iniciales + cada clic de construcción. Líneas = muros · curvas = relieve. ◆ oro · ⬟ piedra · ● bayas · ✦ reliquia · ◌ hueco del cierre
Tu base· Abierta — hueco de 14t
Base de bobey2017· Abierta — flanco sin cerrar
Base de Jagu Rassol· Abierta — hueco de 4t
Base de ajahrens· Abierta — flanco sin cerrar
Terreno inicial suavizado · ◌ = hueco del cierre detectado · pasá el cursor para detalles
Inputs por minuto
— Figurado4052 - - bobey2017
Build order — Figurado4052
Primeras 150 de 382 acciones detectadas
| 0:02 | Crear | Villager (Male) |
| 0:02 | Crear | Villager (Male) |
| 0:02 | Crear | Villager (Male) |
| 0:04 | Construir | House |
| 0:06 | Construir | House |
| 0:07 | Crear | Villager (Male) |
| 0:07 | Crear | Villager (Male) |
| 0:11 | Construir | House |
| 0:13 | Construir | House |
| 1:51 | Crear | Villager (Male) |
| 1:51 | Crear | Villager (Male) |
| 2:30 | Crear | Villager (Male) |
| 2:30 | Crear | Villager (Male) |
| 2:49 | Crear | Villager (Male) |
| 2:49 | Crear | Villager (Male) |
| 2:55 | Crear | Villager (Male) |
| 2:55 | Crear | Villager (Male) |
| 3:01 | Crear | Villager (Male) |
| 3:01 | Crear | Villager (Male) |
| 3:27 | Crear | Villager (Male) |
| 3:27 | Crear | Villager (Male) |
| 3:35 | Crear | Villager (Male) |
| 3:35 | Crear | Villager (Male) |
| 4:11 | Crear | Villager (Male) |
| 4:11 | Crear | Villager (Male) |
| 4:14 | Crear | Villager (Male) |
| 4:15 | Crear | Villager (Male) |
| 4:19 | Crear | Villager (Male) |
| 4:19 | Crear | Villager (Male) |
| 4:47 | Crear | Villager (Male) |
| 4:48 | Crear | Villager (Male) |
| 4:48 | Crear | Villager (Male) |
| 5:20 | Crear | Villager (Male) |
| 5:21 | Crear | Villager (Male) |
| 5:21 | Crear | Villager (Male) |
| 5:21 | Crear | Villager (Male) |
| 5:29 | Construir | Mule Cart |
| 6:32 | Crear | Villager (Male) |
| 6:32 | Crear | Villager (Male) |
| 6:53 | Construir | House |
| 7:30 | Crear | Villager (Male) |
| 7:31 | Crear | Villager (Male) |
| 7:31 | Crear | Villager (Male) |
| 7:35 | Crear | Villager (Male) |
| 7:35 | Investigar | Loom |
| 7:47 | Construir | Barracks |
| 7:50 | Construir | Mill |
| 8:42 | Investigar | Feudal Age |
| 9:50 | Construir | House |
| 9:53 | Construir | Palisade Wall |
| 9:54 | Construir | Palisade Wall |
| 9:57 | Construir | Palisade Wall |
| 10:00 | Construir | Palisade Wall |
| 10:14 | Construir | Palisade Wall |
| 10:17 | Construir | Palisade Wall |
| 10:19 | Crear | Villager (Male) |
| 10:19 | Crear | Villager (Male) |
| 10:19 | Crear | Villager (Male) |
| 10:20 | Crear | Villager (Male) |
| 10:21 | Crear | Villager (Male) |
| 10:55 | Construir | Stable |
| 11:03 | Investigar | Double-Bit Axe |
| 11:03 | Investigar | Horse Collar |
| 11:28 | Crear | Villager (Male) |
| 11:28 | Crear | Villager (Male) |
| 11:29 | Crear | Villager (Male) |
| 11:32 | Investigar | Wheelbarrow |
| 11:52 | Crear | Villager (Male) |
| 11:53 | Crear | Villager (Male) |
| 11:53 | Crear | Villager (Male) |
| 11:53 | Crear | Villager (Male) |
| 12:09 | Construir | Stable |
| 12:14 | Crear | Scout Cavalry |
| 12:14 | Crear | Scout Cavalry |
| 12:14 | Crear | Scout Cavalry |
| 12:14 | Crear | Scout Cavalry |
| 12:15 | Crear | Scout Cavalry |
| 12:16 | Crear | Villager (Male) |
| 12:16 | Crear | Villager (Male) |
| 12:17 | Crear | Villager (Male) |
| 12:35 | Construir | House |
| 12:54 | Construir | Mule Cart |
| 13:04 | Crear | Villager (Male) |
| 13:05 | Crear | Villager (Male) |
| 13:05 | Crear | Villager (Male) |
| 13:05 | Crear | Villager (Male) |
| 13:06 | Crear | Villager (Male) |
| 13:06 | Crear | Villager (Male) |
| 13:12 | Crear | Scout Cavalry |
| 13:12 | Crear | Scout Cavalry |
| 13:12 | Crear | Scout Cavalry |
| 13:13 | Crear | Scout Cavalry |
| 13:30 | Construir | House |
| 13:36 | Construir | House |
| 13:46 | Construir | Mule Cart |
| 13:57 | Construir | House |
| 13:58 | Construir | House |
| 14:06 | Construir | Blacksmith |
| 14:09 | Construir | Farm |
| 14:09 | Construir | Farm |
| 14:09 | Construir | Farm |
| 14:10 | Construir | Farm |
| 14:10 | Construir | Farm |
| 14:10 | Construir | Farm |
| 14:11 | Construir | Farm |
| 14:11 | Construir | Farm |
| 14:20 | Crear | Villager (Male) |
| 14:20 | Crear | Villager (Male) |
| 14:30 | Construir | House |
| 14:40 | Construir | Palisade Gate |
| 14:42 | Construir | Palisade Wall |
| 14:47 | Crear | Villager (Male) |
| 14:47 | Crear | Villager (Male) |
| 14:47 | Crear | Villager (Male) |
| 15:15 | Construir | Dock |
| 15:22 | Construir | Farm |
| 15:22 | Construir | Farm |
| 15:22 | Construir | Farm |
| 15:23 | Construir | Farm |
| 15:23 | Construir | Farm |
| 15:23 | Construir | Farm |
| 15:24 | Construir | Farm |
| 15:24 | Construir | Farm |
| 15:33 | Crear | Scout Cavalry |
| 15:33 | Crear | Scout Cavalry |
| 15:33 | Crear | Scout Cavalry |
| 15:56 | Crear | Scout Cavalry |
| 15:56 | Crear | Scout Cavalry |
| 15:56 | Crear | Scout Cavalry |
| 16:31 | Crear | Villager (Male) |
| 16:31 | Crear | Villager (Male) |
| 16:31 | Crear | Villager (Male) |
| 16:32 | Crear | Villager (Male) |
| 16:32 | Crear | Villager (Male) |
| 16:36 | Crear | Fishing Ship |
| 16:37 | Crear | Fishing Ship |
| 16:37 | Crear | Fishing Ship |
| 16:37 | Crear | Fishing Ship |
| 16:38 | Crear | Fishing Ship |
| 16:38 | Crear | Fishing Ship |
| 17:04 | Crear | Villager (Male) |
| 17:04 | Crear | Villager (Male) |
| 17:04 | Crear | Villager (Male) |
| 17:15 | Construir | Farm |
| 17:16 | Construir | Farm |
| 17:16 | Construir | Farm |
| 17:16 | Construir | Farm |
| 17:17 | Construir | Farm |
| 17:17 | Construir | Farm |
| 17:17 | Construir | Farm |
Build order — bobey2017
Primeras 150 de 266 acciones detectadas
| 0:03 | Crear | Villager (Male) ×4 |
| 0:08 | Construir | House |
| 0:08 | Construir | House |
| 0:32 | Construir | House |
| 0:33 | Construir | House |
| 0:33 | Construir | House |
| 0:49 | Crear | Villager (Male) |
| 1:11 | Investigar | Loom |
| 1:27 | Crear | Villager (Male) |
| 1:58 | Crear | Villager (Male) |
| 2:10 | Crear | Villager (Male) |
| 2:29 | Crear | Villager (Male) |
| 2:41 | Crear | Villager (Male) |
| 2:52 | Construir | Lumber Camp |
| 2:58 | Crear | Villager (Male) |
| 3:06 | Crear | Villager (Male) |
| 3:15 | Crear | Villager (Male) |
| 3:30 | Crear | Villager (Male) |
| 3:49 | Crear | Villager (Male) |
| 4:56 | Crear | Villager (Male) |
| 4:56 | Crear | Villager (Male) |
| 5:01 | Crear | Villager (Male) |
| 5:02 | Crear | Villager (Male) |
| 5:36 | Crear | Villager (Male) |
| 6:15 | Crear | Villager (Male) |
| 7:08 | Crear | Villager (Male) |
| 7:09 | Crear | Villager (Male) |
| 7:21 | Construir | Mill |
| 7:35 | Construir | House |
| 7:36 | Construir | House |
| 7:37 | Construir | House |
| 8:03 | Investigar | Feudal Age |
| 8:07 | Crear | Villager (Male) |
| 8:15 | Construir | Mining Camp |
| 8:27 | Construir | Barracks |
| 9:01 | Construir | Dock |
| 9:16 | Crear | Villager (Male) |
| 9:16 | Crear | Villager (Male) |
| 9:34 | Crear | Villager (Male) |
| 9:34 | Crear | Villager (Male) |
| 9:34 | Crear | Villager (Male) |
| 9:46 | Construir | Mill |
| 9:53 | Crear | Villager (Male) |
| 10:13 | Edad | Edad Feudal |
| 10:30 | Construir | Blacksmith |
| 10:36 | Crear | Villager (Male) |
| 10:44 | Crear | Villager (Male) |
| 10:49 | Crear | Villager (Male) |
| 11:32 | Construir | Stable |
| 11:38 | Crear | Villager (Male) |
| 11:38 | Crear | Villager (Male) |
| 11:53 | Crear | Villager (Male) |
| 11:53 | Crear | Villager (Male) |
| 11:54 | Crear | Villager (Male) |
| 12:01 | Crear | Fishing Ship |
| 12:24 | Construir | House |
| 12:27 | Construir | House |
| 12:29 | Construir | House |
| 12:30 | Construir | House |
| 12:31 | Construir | House |
| 12:32 | Construir | House |
| 12:32 | Construir | House |
| 12:32 | Construir | House |
| 12:37 | Investigar | Castle Age |
| 12:57 | Investigar | Double-Bit Axe |
| 13:25 | Crear | Fishing Ship |
| 13:25 | Crear | Fishing Ship |
| 13:46 | Crear | Fishing Ship |
| 13:58 | Crear | Spearman ×5 |
| 14:08 | Construir | Mining Camp |
| 14:41 | Crear | Spearman |
| 14:41 | Crear | Spearman |
| 14:50 | Construir | Barracks |
| 15:08 | Construir | House |
| 15:09 | Construir | House |
| 15:09 | Construir | House |
| 15:09 | Construir | House |
| 15:10 | Construir | House |
| 15:10 | Construir | House |
| 15:10 | Construir | House |
| 15:11 | Construir | House |
| 15:11 | Construir | House |
| 15:11 | Construir | House |
| 15:12 | Construir | House |
| 15:12 | Construir | House |
| 15:17 | Edad | Edad de los Castillos |
| 15:18 | Crear | Villager (Male) ×5 |
| 15:28 | Crear | Villager (Male) ×5 |
| 15:51 | Crear | Spearman |
| 15:59 | Crear | Villager (Male) |
| 16:16 | Construir | Lumber Camp |
| 17:27 | Construir | Barracks |
| 17:37 | Investigar | Pikeman (upgrade) |
| 17:40 | Crear | Villager (Male) |
| 17:41 | Crear | Villager (Male) |
| 17:48 | Construir | Town Center |
| 17:52 | Investigar | Gold Mining |
| 18:08 | Construir | House |
| 18:09 | Construir | House |
| 18:11 | Construir | House |
| 18:16 | Construir | Mining Camp |
| 18:25 | Crear | Spearman |
| 18:26 | Crear | Spearman |
| 18:34 | Crear | Villager (Male) |
| 18:34 | Crear | Villager (Male) |
| 18:35 | Crear | Villager (Male) |
| 18:52 | Construir | Farm |
| 18:52 | Construir | Farm |
| 18:52 | Construir | Farm |
| 18:53 | Construir | Farm |
| 18:53 | Construir | Farm |
| 18:59 | Construir | Farm |
| 19:10 | Crear | Spearman |
| 19:29 | Crear | Villager (Male) |
| 19:29 | Crear | Villager (Male) |
| 19:29 | Crear | Villager (Male) |
| 20:59 | Crear | Fishing Ship |
| 20:59 | Crear | Fishing Ship |
| 21:09 | Construir | Stone Wall |
| 21:16 | Construir | Castle |
| 21:31 | Crear | Villager (Male) ×5 |
| 21:38 | Construir | Farm |
| 21:39 | Construir | Farm |
| 21:39 | Construir | Farm |
| 21:39 | Construir | Farm |
| 21:40 | Construir | Farm |
| 21:40 | Construir | Farm |
| 21:40 | Construir | Farm |
| 21:41 | Construir | Farm |
| 21:43 | Crear | Villager (Male) ×5 |
| 21:52 | Investigar | Bloodlines |
| 21:58 | Construir | House |
| 21:59 | Construir | House |
| 21:59 | Construir | House |
| 21:59 | Construir | House |
| 22:00 | Construir | House |
| 22:00 | Construir | House |
| 22:00 | Construir | House |
| 22:01 | Construir | House |
| 22:02 | Construir | House |
| 22:02 | Construir | House |
| 22:02 | Construir | House |
| 22:03 | Construir | House |
| 22:04 | Construir | House |
| 22:06 | Construir | House |
| 22:06 | Construir | House |
| 22:06 | Construir | House |
| 22:12 | Construir | Town Center |
| 22:20 | Investigar | Stone Mining |
| 22:44 | Construir | University |
Build order — Jagu Rassol
Primeras 150 de 282 acciones detectadas
| 0:14 | Investigar | Loom |
| 0:14 | Crear | Villager (Male) |
| 0:14 | Crear | Villager (Male) |
| 0:15 | Crear | Villager (Male) |
| 0:15 | Crear | Villager (Male) |
| 0:15 | Crear | Villager (Male) |
| 0:30 | Construir | House |
| 0:33 | Construir | House |
| 0:40 | Construir | House |
| 2:21 | Crear | Villager (Male) |
| 2:46 | Crear | Villager (Male) |
| 2:51 | Crear | Villager (Male) |
| 3:10 | Crear | Villager (Male) |
| 3:20 | Crear | Villager (Male) |
| 4:15 | Construir | Settlement |
| 4:39 | Crear | Villager (Male) |
| 4:40 | Crear | Villager (Male) |
| 4:40 | Crear | Villager (Male) |
| 4:40 | Crear | Villager (Male) |
| 4:41 | Crear | Villager (Male) |
| 4:49 | Crear | Villager (Male) |
| 4:50 | Crear | Villager (Male) |
| 5:02 | Crear | Villager (Male) |
| 5:03 | Crear | Villager (Male) |
| 5:31 | Crear | Villager (Male) |
| 5:36 | Crear | Villager (Male) |
| 6:41 | Crear | Villager (Male) |
| 6:42 | Crear | Villager (Male) |
| 6:42 | Crear | Villager (Male) |
| 6:42 | Crear | Villager (Male) |
| 6:43 | Crear | Villager (Male) |
| 7:13 | Construir | Settlement |
| 7:21 | Crear | Villager (Male) |
| 7:23 | Crear | Villager (Male) |
| 7:43 | Construir | House |
| 7:51 | Construir | House |
| 7:53 | Construir | House |
| 8:20 | Crear | Villager (Male) |
| 8:21 | Crear | Villager (Male) |
| 8:29 | Crear | Villager (Male) |
| 8:30 | Crear | Villager (Male) |
| 8:49 | Construir | House |
| 8:51 | Construir | House |
| 9:10 | Construir | Settlement |
| 9:21 | Crear | Villager (Male) |
| 9:46 | Crear | Villager (Male) |
| 9:49 | Investigar | Feudal Age |
| 9:55 | Crear | Villager (Male) |
| 9:56 | Crear | Villager (Male) |
| 9:57 | Crear | Villager (Male) |
| 9:57 | Crear | Villager (Male) |
| 9:58 | Crear | Villager (Male) |
| 11:23 | Crear | Villager (Male) |
| 11:24 | Crear | Villager (Male) |
| 11:25 | Crear | Villager (Male) |
| 11:47 | Construir | Barracks |
| 12:10 | Construir | Watch Tower |
| 12:16 | Crear | Villager (Male) |
| 12:17 | Crear | Villager (Male) |
| 12:36 | Crear | Villager (Male) |
| 12:37 | Crear | Villager (Male) |
| 12:40 | Investigar | Wheelbarrow |
| 13:07 | Construir | Stone Wall |
| 13:27 | Construir | Stone Wall |
| 13:44 | Construir | Settlement |
| 14:16 | Construir | House |
| 14:25 | Crear | Villager (Male) |
| 14:26 | Crear | Villager (Male) |
| 14:26 | Crear | Villager (Male) |
| 15:02 | Construir | Settlement |
| 15:15 | Construir | Settlement |
| 15:31 | Construir | Stone Wall |
| 15:34 | Construir | Stone Wall |
| 15:39 | Construir | Stone Wall |
| 16:14 | Construir | Settlement |
| 16:23 | Crear | Villager (Male) |
| 16:26 | Crear | Villager (Male) |
| 16:34 | Investigar | Double-Bit Axe |
| 17:02 | Construir | Farm |
| 17:04 | Construir | Farm |
| 17:07 | Construir | Farm |
| 17:09 | Construir | Farm |
| 17:11 | Construir | Farm |
| 17:20 | Construir | Farm |
| 17:29 | Construir | Farm |
| 17:43 | Construir | House |
| 18:12 | Construir | Market |
| 18:18 | Construir | Blacksmith |
| 18:21 | Construir | House |
| 18:26 | Construir | House |
| 18:27 | Construir | House |
| 19:01 | Investigar | Castle Age |
| 19:08 | Crear | Villager (Male) |
| 19:08 | Crear | Villager (Male) |
| 19:09 | Crear | Villager (Male) |
| 19:09 | Crear | Villager (Male) |
| 19:12 | Crear | Villager (Male) |
| 19:12 | Crear | Villager (Male) |
| 19:13 | Crear | Villager (Male) |
| 19:37 | Investigar | Gold Mining |
| 20:21 | Investigar | Stone Mining |
| 20:39 | Crear | Villager (Male) |
| 20:40 | Crear | Villager (Male) |
| 20:40 | Crear | Villager (Male) |
| 21:57 | Construir | Castle |
| 22:07 | Crear | Villager (Male) |
| 22:10 | Crear | Villager (Male) |
| 22:10 | Crear | Villager (Male) |
| 22:10 | Crear | Villager (Male) |
| 22:17 | Crear | Villager (Male) |
| 22:17 | Crear | Villager (Male) |
| 22:18 | Crear | Villager (Male) |
| 23:24 | Construir | Castle |
| 23:37 | Construir | Farm |
| 23:40 | Construir | Farm |
| 23:42 | Construir | Farm |
| 23:43 | Construir | Farm |
| 23:45 | Construir | Farm |
| 23:50 | Construir | Farm |
| 23:51 | Construir | Farm |
| 23:53 | Construir | Farm |
| 24:01 | Construir | Farm |
| 24:02 | Construir | Farm |
| 24:10 | Construir | Farm |
| 24:12 | Construir | Farm |
| 24:12 | Construir | Farm |
| 24:14 | Construir | Farm |
| 24:17 | Construir | Farm |
| 24:19 | Construir | Farm |
| 24:20 | Construir | Farm |
| 24:27 | Construir | Farm |
| 24:31 | Construir | Farm |
| 24:33 | Construir | Farm |
| 24:35 | Construir | Farm |
| 24:37 | Construir | Farm |
| 24:49 | Construir | Farm |
| 25:01 | Construir | Farm |
| 25:10 | Crear | Unit 2579 |
| 25:11 | Crear | Unit 2579 |
| 25:11 | Crear | Unit 2579 |
| 25:11 | Crear | Unit 2579 |
| 25:12 | Crear | Unit 2579 |
| 25:12 | Crear | Unit 2579 |
| 25:12 | Crear | Unit 2579 |
| 25:12 | Crear | Unit 2579 |
| 25:13 | Crear | Unit 2579 |
| 25:13 | Crear | Unit 2579 |
| 25:13 | Crear | Unit 2579 |
| 25:14 | Crear | Unit 2579 |
| 25:14 | Crear | Unit 2579 |
Build order — ajahrens
Primeras 150 de 334 acciones detectadas
| 0:03 | Crear | Villager (Male) |
| 0:03 | Crear | Villager (Male) |
| 0:12 | Crear | Villager (Male) |
| 0:12 | Crear | Villager (Male) |
| 0:12 | Crear | Villager (Male) |
| 0:38 | Construir | House |
| 0:38 | Construir | House |
| 0:38 | Construir | House |
| 0:39 | Construir | House |
| 0:45 | Investigar | Loom |
| 1:25 | Crear | Villager (Male) |
| 1:33 | Crear | Villager (Male) |
| 1:52 | Crear | Villager (Male) |
| 1:53 | Crear | Villager (Male) |
| 1:53 | Crear | Villager (Male) |
| 1:53 | Crear | Villager (Male) |
| 2:24 | Crear | Villager (Male) |
| 2:28 | Crear | Villager (Male) |
| 2:57 | Crear | Villager (Male) |
| 3:05 | Crear | Villager (Male) |
| 3:05 | Crear | Villager (Male) |
| 3:35 | Crear | Villager (Male) |
| 3:44 | Crear | Villager (Male) |
| 3:45 | Crear | Villager (Male) |
| 4:13 | Crear | Villager (Male) |
| 4:13 | Crear | Villager (Male) |
| 4:19 | Crear | Villager (Male) |
| 4:19 | Crear | Villager (Male) |
| 4:58 | Crear | Villager (Male) |
| 4:58 | Crear | Villager (Male) |
| 5:05 | Crear | Villager (Male) |
| 5:05 | Crear | Villager (Male) |
| 5:11 | Crear | Villager (Male) |
| 5:12 | Crear | Villager (Male) |
| 5:31 | Construir | Lumber Camp |
| 5:38 | Construir | House |
| 5:45 | Crear | Villager (Male) |
| 5:48 | Crear | Villager (Male) |
| 5:48 | Crear | Villager (Male) |
| 6:07 | Crear | Villager (Male) |
| 6:10 | Construir | House |
| 6:10 | Construir | House |
| 6:29 | Crear | Villager (Male) |
| 6:34 | Crear | Villager (Male) |
| 6:46 | Construir | Mill |
| 7:00 | Construir | Mill |
| 7:04 | Crear | Villager (Male) |
| 7:07 | Crear | Villager (Male) |
| 7:55 | Construir | Dock |
| 8:03 | Crear | Villager (Male) |
| 8:16 | Investigar | Feudal Age |
| 8:16 | Investigar | Feudal Age |
| 8:32 | Crear | Villager (Male) |
| 8:34 | Crear | Villager (Male) |
| 8:36 | Crear | Villager (Male) |
| 8:36 | Crear | Villager (Male) |
| 8:44 | Construir | House |
| 8:44 | Construir | House |
| 8:44 | Construir | House |
| 8:44 | Construir | House |
| 8:45 | Construir | House |
| 8:45 | Construir | House |
| 8:48 | Crear | Fishing Ship |
| 8:48 | Crear | Fishing Ship |
| 9:00 | Construir | House |
| 9:40 | Construir | Lumber Camp |
| 9:43 | Crear | Villager (Male) |
| 10:04 | Crear | Fishing Ship |
| 10:07 | Crear | Villager (Male) |
| 10:17 | Crear | Villager (Male) |
| 10:23 | Crear | Villager (Male) |
| 10:23 | Crear | Villager (Male) |
| 10:26 | Edad | Edad Feudal |
| 10:35 | Construir | Mining Camp |
| 10:48 | Crear | Villager (Male) |
| 10:52 | Crear | Villager (Male) |
| 11:11 | Construir | Blacksmith |
| 11:41 | Construir | Market |
| 12:11 | Crear | Villager (Male) |
| 12:11 | Crear | Villager (Male) |
| 12:16 | Investigar | Double-Bit Axe |
| 12:34 | Construir | Farm |
| 12:34 | Construir | Farm |
| 12:35 | Construir | Farm |
| 12:35 | Construir | Farm |
| 12:35 | Construir | Farm |
| 12:35 | Construir | Farm |
| 12:36 | Construir | Farm |
| 12:36 | Construir | Farm |
| 12:51 | Investigar | Castle Age |
| 12:51 | Investigar | Castle Age |
| 12:57 | Construir | Mining Camp |
| 13:03 | Investigar | Horse Collar |
| 13:18 | Construir | Palisade Wall |
| 13:49 | Crear | Villager (Male) |
| 13:49 | Crear | Villager (Male) |
| 13:55 | Crear | Villager (Male) ×5 |
| 13:58 | Crear | Fishing Ship |
| 13:59 | Crear | Fishing Ship |
| 13:59 | Crear | Fishing Ship |
| 13:59 | Crear | Fishing Ship |
| 14:00 | Investigar | Tech 906 |
| 14:31 | Construir | Farm |
| 14:32 | Construir | Farm |
| 14:33 | Construir | Farm |
| 14:35 | Construir | Farm |
| 14:47 | Construir | House |
| 14:57 | Construir | Farm |
| 15:31 | Investigar | Wheelbarrow |
| 15:31 | Edad | Edad de los Castillos |
| 15:37 | Construir | Town Center |
| 15:53 | Crear | Villager (Male) |
| 15:53 | Crear | Villager (Male) |
| 15:54 | Crear | Villager (Male) |
| 16:16 | Construir | Castle |
| 16:29 | Construir | Castle |
| 16:52 | Crear | Villager (Male) ×5 |
| 17:11 | Construir | Farm |
| 17:11 | Construir | Farm |
| 17:11 | Construir | Farm |
| 17:12 | Construir | Farm |
| 17:12 | Construir | Farm |
| 17:12 | Construir | Farm |
| 17:13 | Construir | Farm |
| 17:13 | Construir | Farm |
| 17:13 | Construir | Farm |
| 17:13 | Construir | Farm |
| 17:14 | Construir | Farm |
| 17:14 | Construir | Farm |
| 17:18 | Construir | Farm |
| 17:18 | Construir | Farm |
| 17:18 | Construir | Farm |
| 17:19 | Construir | Farm |
| 17:19 | Construir | Farm |
| 17:19 | Construir | Farm |
| 17:20 | Construir | Farm |
| 17:20 | Construir | Farm |
| 17:20 | Construir | Farm |
| 17:21 | Construir | Farm |
| 17:27 | Crear | Villager (Male) |
| 18:11 | Crear | Villager (Male) |
| 18:11 | Crear | Villager (Male) |
| 18:19 | Construir | House |
| 18:21 | Construir | House |
| 18:31 | Construir | House |
| 18:32 | Construir | House |
| 18:39 | Construir | Palisade Wall |
| 18:47 | Crear | Villager (Male) |
| 18:47 | Crear | Villager (Male) |
| 18:49 | Crear | Villager (Male) |
Cronología de la partida
| 7:47 | Figurado4052 · first_building Barracks |
| 7:55 | ajahrens · first_building Dock |
| 8:27 | bobey2017 · first_building Barracks |
| 9:01 | bobey2017 · first_building Dock |
| 9:53 | Figurado4052 · wall_segment Palisade Wall x8 |
| 9:54 | Figurado4052 · wall_segment Palisade Wall x4 |
| 9:57 | Figurado4052 · wall_segment Palisade Wall x7 |
| 10:00 | Figurado4052 · wall_segment Palisade Wall x7 |
| 10:13 | bobey2017 · age_up feudal |
| 10:14 | Figurado4052 · wall_segment Palisade Wall x6 |
| 10:17 | Figurado4052 · wall_segment Palisade Wall x13 |
| 10:26 | ajahrens · age_up feudal |
| 10:55 | Figurado4052 · first_building Stable |
| 11:32 | bobey2017 · first_building Stable |
| 11:47 | Jagu Rassol · first_building Barracks |
| 13:07 | Jagu Rassol · wall_segment Stone Wall x7 |
| 13:18 | ajahrens · wall_segment Palisade Wall x7 |
| 13:27 | Jagu Rassol · wall_segment Stone Wall x8 |
| 14:42 | Figurado4052 · wall_segment Palisade Wall x5 |
| 15:15 | Figurado4052 · first_building Dock |
| 15:17 | bobey2017 · age_up castle |
| 15:31 | ajahrens · age_up castle |
| 15:31 | Jagu Rassol · wall_segment Stone Wall x3 |
| 15:34 | Jagu Rassol · wall_segment Stone Wall x1 |
| 15:39 | Jagu Rassol · wall_segment Stone Wall x14 |
| 16:04 | ajahrens · first_market_buy 100 stone |
| 16:16 | ajahrens · first_building Castle |
| 18:39 | ajahrens · wall_segment Palisade Wall x3 |
| 19:36 | ajahrens · first_building Barracks |
| 20:05 | ajahrens · first_building Siege Workshop |
| 20:09 | Figurado4052 · wall_segment Palisade Wall x4 |
| 20:11 | Figurado4052 · wall_segment Palisade Wall x3 |
| 20:14 | ajahrens · wall_segment Palisade Wall x10 |
| 20:43 | Figurado4052 · first_building Archery Range |
| 21:09 | bobey2017 · wall_segment Stone Wall x9 |
| 21:16 | bobey2017 · first_building Castle |
| 21:57 | Jagu Rassol · first_building Castle |
| 24:56 | bobey2017 · first_building Archery Range |
| 25:04 | Figurado4052 · first_building Siege Workshop |
| 28:34 | ajahrens · age_up imperial |
| 30:59 | Figurado4052 · first_building Castle |
| 32:03 | Figurado4052 · first_building Monastery |
| 34:35 | bobey2017 · age_up imperial |
| 38:10 | Jagu Rassol · resign |
[ ANÁLISIS IA · 1 CRÉDITO ]
¿Qué pasó realmente en esta partida?
Wolo.gg analiza cada decisión: build order, eco, micro, errores típicos por bracket. Análisis personalizado por WhatsApp o Discord en 30 segundos.
Guía civ
Georgianos
Guía mapa
Budapest
Perfil
Figurado4052